 Dungeon Crawl Stone Soup version 0.31-a0-636-ge1c0e020e0 (webtiles) character file.

Game seed: 15858852235414402458

58 porpoise the Vexing (level 4, 0/30 HPs)
             Began as a Formicid Enchanter on Aug 26, 2023.
             Slain by a goblin
             ... wielding a +0 club
             ... led by Robin
              (3 damage)
             ... on level 2 of the Dungeon.
             The game lasted 00:09:21 (1710 turns).

porpoise the Vexing (Formicid Enchanter)            Turns: 1710, Time: 00:09:22

Health: 0/30       AC:  2    Str: 13    XL:     4   Next: 21%
Magic:  1/8        EV: 12    Int: 16    God:
Gold:   141        SH:  0    Dex: 14    Spells: 1/9 levels left

rFire   . . .        a - +1 dagger
rCold   . . .        (no shield)
rNeg    . . .        b - +0 robe
rPois   .            (helmet unavailable)
rElec   .            (no cloak)
rCorr   .            (no gloves)
SInv    +            (no boots)
Will    .....        l - amulet of the acrobat
Stlth   ++           (no ring)
HPRegen 0.25/turn    (no ring)
MPRegen 0.11/turn

%: acrobat
@: confusing by touch
A: permanent stasis, dig shafts and tunnels, antennae 3, four strong arms
a: Dig, Shaft Self


You were on level 2 of the Dungeon.
You visited 1 branch of the dungeon, and saw 2 of its levels.

You collected 141 gold pieces.

Inventory:

Hand Weapons
 a - a +1 dagger (weapon)
 k - a +0 dagger of flaming
Missiles
 d - 6 poisoned darts
Armour
 b - a +0 robe (worn)
Jewellery
 e - a ring of fire
 l - an amulet of the acrobat (around neck)
Scrolls
 f - a scroll of poison
 g - 2 scrolls of butterflies
 i - a scroll of revelation {unknown}
 j - a scroll of identify {unknown}
Potions
 c - 2 potions of invisibility
 h - a potion of cancellation {unknown}


   Skills:
 + Level 2.3 Short Blades
 - Level 1.7 Dodging
 - Level 3.6 Stealth
 - Level 3.0 Spellcasting
 - Level 3.8 Hexes
 + Level 1.5 Ice Magic


You had one spell level left.
You knew the following spells:

 Your Spells              Type           Power      Damage    Failure   Level
a - Confusing Touch       Hex            14%        N/A       12%         3
e - Ensorcelled Hibernat  Hex/Ice        20%        N/A       10%         2
t - Tukima's Dance        Hex            14%        N/A       12%         3

Your spell library contained the following spells:

 Spells                   Type           Power      Damage    Failure   Level
 Dazzling Flash           Conj/Hex       16%        N/A       26%         3


Dungeon Overview and Level Annotations

Branches:
Dungeon (2/15)

Altars:

Shops:
D:1 :

Annotations:
D:2 Robin


Innate Abilities, Weirdness & Mutations

You cannot be hasted, slowed, berserked, paralysed or teleported.
You can dig through walls and to a lower floor.
You have a pair of large antennae on your head. (SInv)
Your four strong arms can wield two-handed weapons with a shield.


Message History

The goblin shouts!
You hit the ball python.
You kill the ball python!
Robin roars a battlecry!
The goblins go into a battle-frenzy!
The goblin shouts!
You hear a shout!
You barely miss the goblin. The goblin hits you with a +0 dagger.
You hit the goblin.
You kill the goblin!
Robin roars a battlecry!
You hit the goblin.
The goblin is severely wounded.
The goblin barely misses you.
Casting: Ensorcelled Hibernation (safe; 10% risk of failure)
Confirm with . or Enter, or press ? or * to list all spells.
Aiming: Ensorcelled Hibernation (safe; 10% risk of failure)
Press: ? - help, Shift-Dir - straight line, f - Robin
Aim: Robin, wielding a +1 dagger of flaming, wearing a +0 animal skin and wearing a +0 helmet (chance to affect: 52%) Robin resists with significant effort.
The goblin closely misses you.
Casting: Ensorcelled Hibernation (safe; 10% risk of failure)
Confirm with . or Enter, or press ? or * to list all spells.
Aiming: Ensorcelled Hibernation (safe; 10% risk of failure)
Press: ? - help, Shift-Dir - straight line, f/p - Robin
Aim: Robin, wielding a +1 dagger of flaming, wearing a +0 animal skin and wearing a +0 helmet (chance to affect: 52%) Robin resists with significant effort.
The goblin hits you with a +0 dagger.
Robin hits you with a +1 dagger of flaming.
Robin burns you.
Casting: Ensorcelled Hibernation (safe; 10% risk of failure)
Confirm with . or Enter, or press ? or * to list all spells.
Your hands begin to glow red.
The goblin hits you with a +0 club. Robin hits you but does no damage.
The goblin barely misses you.
You hit Robin but do no damage. The goblin barely misses you.
Robin hits you with a +1 dagger of flaming.
Robin burns you. The goblin hits you with a +0 club.
The goblin hits you with a +0 dagger.
* * * LOW HITPOINT WARNING * * *
You barely miss Robin. The goblin hits you with a +0 dagger.
* * * LOW HITPOINT WARNING * * *
The goblin hits you with a +0 club.
You die...

#............######
#............##...)
#................##
#.............†####
####..............#
#...#............
###................
#.gg..##...........
###.@gg###..#####...#
#...g#.# {.... #...#
#..)###.# . #....
.....#.# #.# .....##.
........# .# r
....###. .#.###### .#
......#... # ...
...... .... .....
.....##...


You could see Robin and 4 goblins.

Vanquished Creatures
  4 dart slugs
  2 ball pythons (D:2)
  4 bats
  4 endoplasms
  3 giant cockroaches (D:1)
  10 goblins
  3 hobgoblins
  4 jackals (D:1)
  2 quokkas
  2 frilled lizards
  5 kobolds
  3 rats
46 creatures vanquished.

Notes
Turn   | Place    | Note
-------+----------+-------------------------------------------
     0 | D:1      | porpoise the Formicid Enchanter began the quest for the
                  | Orb.
     0 | D:1      | Reached XP level 1. HP: 13/13 MP: 3/3
   166 | D:1      | Reached XP level 2. HP: 19/19 MP: 5/5
   169 | D:1      | Learned a level 2 spell: Ensorcelled Hibernation
   238 | D:1      | Found Feoch's Book Boutique.
   427 | D:1      | Reached XP level 3. HP: 17/24 MP: 6/6
   459 | D:1      | Learned a level 3 spell: Confusing Touch
   775 | D:1      | Reached skill level 1 in Ice Magic
  1205 | D:2      | HP: 1/24 [frozen (5)]
  1319 | D:2      | Reached XP level 4. HP: 30/30 MP: 8/8
  1343 | D:2      | Learned a level 3 spell: Tukima's Dance
  1419 | D:2      | Noticed Robin
  1710 | D:2      | Slain by a goblin

Illustrated notes

Levels and vault maps discovered:
D:1:      eino_arrival_tree_alley, layout_basic, serial_glass, glass_columns_a,
          glass_columns_b, glass_columns_c, glass_columns_c, glass_columns_a,
          glass_columns_b, glass_columns_a, glass_columns_a, glass_columns_c,
          glass_columns_a, glass_columns_a, glass_columns_a, glass_columns_a,
          glass_columns_a, serial_shops, nicolae_shop_tiny_waterfront,
          hangedman_decor_clover_reticule
D:2:      layout_rooms, patterned_corridor, uniq_robin

Skill      XL: |  1  2  3  4 |
---------------+-------------+-----
Ice Magic      | 1 |  1.5
Short Blades   | 2 |  2.3
Spellcasting   | 3 |  3.0
Dodging        | |  1.7
Stealth        | |  3.6
Hexes          | |  3.8

Action                     |  1- 3 |  4- 6 || total
---------------------------+-------+-------++-------
  Melee: Dagger            |   111 |    47 ||   158
   Cast: Ensorcelled Hiber |     7 |     6 ||    13
         Confusing Touch   |       |     2 ||     2
    Use: Scroll            |     3 |       ||     3
   Stab: Sleeping          |    15 |       ||    15
         Distracted        |     2 |       ||     2
 Armour: Robe              |    16 |     4 ||    20
  Dodge: Dodged            |    63 |    26 ||    89

Table legend: (Time is in decaauts)
 A = Elapsed time spent in this place.
 B = Non-inter-level travel time spent in this place.
 C = Inter-level travel time spent in this place.
 D = Time resting spent in this place.
 E = Time spent auto-exploring this place.
 F = Levels seen in this place.
 G = Mean time per level.
                   A        B        C        D        E       F      G
               +--------+--------+--------+--------+--------+-----+--------+
         Total |   1697 |   1613 |     84 |    507 |    566 |   2 |  848.5 |
       Dungeon |   1697 |   1613 |     84 |    507 |    566 |   2 |  848.5 |
               +--------+--------+--------+--------+--------+-----+--------+

Top non-repeatable levels by time:
     D:1: 1211 daAuts
     D:2: 485 daAuts
